 Dungeon Crawl Stone Soup version 0.19.0-11-g3fc08b3 (webtiles) character file.

115 Gingerlord the Skirmisher (level 5, -8/43 HPs)
             Began as a Human Wanderer on Nov 8, 2016.
             Killed by divine providence
             ... invoked by an orc priest
              (12 damage)
             ... on level 3 of the Dungeon.
             The game lasted 00:03:05 (1649 turns).

Gingerlord the Skirmisher (Human Wanderer)          Turns: 1649, Time: 00:03:07

Health: -8/43      AC:  6    Str: 15    XL:     5   Next: 20%
Magic:  5/5        EV: 11    Int: 11    God:
Gold:   109        SH:  0    Dex: 12    Spells: 0 memorised, 4 levels left

rFire  + . .     SeeInvis .     a - +2 hand axe
rCold  + . .     Gourm    .     j - +0 ring mail
rNeg   . . .     Faith    .     (no shield)
rPois  +         Spirit   .     (no helmet)
rElec  +         Reflect  .     (no cloak)
rCorr  +         Harm     .     o - +0 pair of gloves
MR     +....                    (no boots)
Stlth  +.........               (no amulet)
                                h - ring of protection from magic
                                (no ring)

@: resistant, very slightly contaminated, hasted, very quick
A: no striking features
a: no special abilities


You were on level 3 of the Dungeon.
You were hungry.

You visited 1 branch of the dungeon, and saw 3 of its levels.

You collected 109 gold pieces.

Inventory:

Hand Weapons
 a - a +2 hand axe (weapon)
 b - a +0 mace
Armour
 j - a +0 ring mail (worn)
 o - a +0 pair of gloves (worn)
Jewellery
 h - a ring of protection from magic (right hand)
Wands
 e - a wand of random effects (27/48)
Scrolls
 c - a scroll of teleportation
 i - 3 scrolls of immolation {unknown}
 m - a scroll of noise {unknown}
 n - a scroll of fear {unknown}
Potions
 l - 2 potions of brilliance
Comestibles
 f - a bread ration
 g - a slice of pizza


   Skills:
 + Level 4.4 Fighting
 + Level 2.6 Axes
 + Level 3.6 Armour
 + Level 2.0 Dodging
 - Level 1.0 Stealth
 - Level 1.0 Evocations


You had 4 spell levels left.
You didn't know any spells.

Dungeon Overview and Level Annotations

Branches:
Dungeon (3/15)

Altars:
Elyvilon


Message History

It was a potion of resistance.
You feel protected.
The orc wizard hits you but does no damage.
The orc priest invokes the aid of Beogh against you.
Pain shoots through your body!
* * * LOW HITPOINT WARNING * * *
It was a potion of haste.
You feel yourself speed up.
The orc wizard hits you but does no damage.
The orc priest closely misses you.
You are very lightly contaminated with residual magic.
You hit the orc priest but do no damage.
The orc priest is heavily wounded.
You completely miss the orc wizard. The orc wizard barely misses you.
You completely miss the orc priest.
The orc priest is heavily wounded.
You hit the orc wizard but do no damage.
You are feeling hungry.
The orc priest invokes the aid of Beogh against you.
Beogh smites you!
You die...

#.# #.......... #.#
#...8....##.# #.#
#..8.8...##.## #.#
#.8._.8..##..##
#.###..8.8........
#.......8...###..#
..##........# #..#
####...##.#####..# .
######......o@# ...
########o######.....
#...oo.......
########.o... ... .


You could see an orc priest and an orc wizard.

Vanquished Creatures
  Jessica (D:2)
  Ijyb (D:2)
  Terence (D:2)
  An adder (D:2)
  A dart slug (D:1)
  A leopard gecko (D:1)
  An orc (D:3)
  A giant cockroach (D:2)
  2 goblins (D:1)
  5 hobgoblins
  3 bats
  6 frilled lizards
  3 kobolds (D:1)
  5 rats (D:1)
32 creatures vanquished.

Notes
Turn   | Place    | Note
-------+----------+-------------------------------------------
     0 | D:1      | Gingerlord the Human Wanderer began the quest for the Orb.
     0 | D:1      | Gingerlord set off with: a +2 hand axe, a +0 mace, a scroll of teleportation, a +0 robe, a bread ration
     0 | D:1      | Reached XP level 1. HP: 19/19 MP: 1/1
   261 | D:1      | Reached XP level 2. HP: 11/25 MP: 2/2
   990 | D:2      | Reached XP level 3. HP: 30/30 MP: 3/3
  1008 | D:2      | Reached skill level 1 in Dodging
  1031 | D:2      | Found a white marble altar of Elyvilon.
  1158 | D:2      | Noticed Terence
  1332 | D:2      | Killed Terence
  1332 | D:2      | Reached XP level 4. HP: 33/37 MP: 4/4
  1356 | D:2      | Noticed Ijyb
  1381 | D:2      | Killed Ijyb
  1456 | D:2      | Noticed Jessica
  1461 | D:2      | Killed Jessica
  1461 | D:2      | Reached XP level 5. HP: 37/43 MP: 5/5
  1600 | D:3      | Found a faded altar of an unknown god.
  1649 | D:3      | Killed from afar by an orc priest

Skill      XL: |  1  2  3  4  5 |
---------------+----------------+-----
Dodging        | 1 2 |  2.0
Axes           | 2 |  2.6
Fighting       | |  4.4
Armour         | |  3.6
Stealth        | |  1.0
Evocations     | |  1.0

Action                   |  1- 3 |  4- 6 || total
-------------------------+-------+-------++-------
Melee: Hand axe          |    84 |    41 ||   125
  Use: Scroll            |     4 |       ||     4
       Potion            |       |     2 ||     2
 Stab: Sleeping          |     1 |       ||     1
  Eat: Chunk             |     1 |     1 ||     2
Armor: Robe              |     3 |       ||     3
       Ring mail         |    30 |    18 ||    48
Dodge: Dodged            |    52 |    18 ||    70
